 Dungeon Sprint DCSS version 0.29-a0-275-g389c0b56f3 (webtiles) character file.

Game seed: 2886311820609267357

3778 mhtbhm the Severer (level 9, -1/151 HPs)
             Began as a Minotaur Berserker on Mar 12, 2022.
             Was a High Priest of Trog.
             Slain by a deep troll (11 damage)
             ... in the Dungeon (Sprint II: "The Violet Keep of Menkaure").
             The game lasted 00:02:55 (2130 turns).

mhtbhm the Severer (Minotaur Berserker)             Turns: 2130, Time: 00:02:55

Health: -1/151     AC: 13    Str: 26      XL:     9   Next: 95%
Magic:  8/8        EV: 10    Int:  4      God:    Trog [*****.]
Gold:   568        SH:  2    Dex:  8 (10) Spells: 8/8 levels left

rFire   + . .      SeeInvis .   a - +0 hand axe
rCold   . . .      Faith    .   j - +0 buckler {rN+}
rNeg    + . .      Spirit   .   b - +2 chain mail {rF+}
rPois   +          Reflect  .   (helmet restricted)
rElec   .          Harm     .   (no cloak)
rCorr   .          Rampage  .   (no gloves)
Will    .....      NoTele   +   (no boots)
Stlth   ..........              (no amulet)
HPRegen 0.35/turn               i - ring of poison resistance
MPRegen 0.11/turn               (no ring)

@: berserking, very quick
A: horns 2, retaliatory headbutt, deterioration 1
a: Renounce Religion, Berserk, Trog's Hand, Brothers in Arms


You were in the Dungeon.
You worshipped Trog.
Trog was extremely pleased with you.
You visited 1 branch You collected 1215 gold pieces.
You spent 647 gold pieces at shops.

Inventory:

Hand Weapons
 a - a +0 hand axe (weapon)
Missiles
 l - 2 silver javelins (quivered)
 m - 4 poisoned darts
Armour
 b - a +2 chain mail of fire resistance (worn)
 j - a +0 buckler of positive energy (worn)
Jewellery
 i - a ring of poison resistance (left hand)
 t - a ring of magical power
Scrolls
 h - a scroll of blinking
 k - a scroll of fear {unknown}
 o - a scroll of immolation {unknown}
 s - a scroll of amnesia {unknown}
 u - a scroll of enchant weapon {unknown}
 v - 3 scrolls of enchant armour {unknown}
Potions
 c - a potion of curing
 d - 4 potions of heal wounds
 e - 3 potions of resistance {unknown}
 f - 5 potions of magic
 g - a potion of berserk rage
 n - a potion of attraction {unknown}
 p - 2 potions of degeneration {unknown}
 q - 3 potions of flight {unknown}
 r - a potion of lignification {unknown}


   Skills:
 + Level 16.5 Fighting
 + Level 17.6 Axes
 + Level 9.3 Armour
 + Level 8.7 Dodging
 + Level 4.1 Stealth
 + Level 0.2 Shields


You had 8 spell levels left.
You didn't know any spells.
Your spell library was empty.

Dungeon Overview and Level Annotations

Branches:
Dungeon (1/1)

Altars:
Cheibriados
Dithmenos
Elyvilon
Fedhas
Gozag
Hepliaklqana
Kikubaaqudgha
Makhleb
Nemelex Xobeh
Okawaru
Qazlal
Ru
Sif Muna
Trog
Uskayaw
Vehumet
Wu Jian
Xom
Yredelemnul
Zin
The Shining One
Beogh
Jiyva
Lugonu

Shops:
D :[!!(=[[:!*?([=

Annotations:
D exclusions: obsidian statue and oklob plant


Innate Abilities, Weirdness & Mutations

You have a pair of horns on your head.
You reflexively headbutt those who attack you in melee.
Your body sometimes deteriorates upon taking damage.


Message History

You feel yourself moving faster!
You feel mighty! The deep troll bites you! The deep troll barely misses you.
The deep troll claws you. The deep troll misses you. The deep troll claws you.
You block the deep troll's attack.
You hit the deep troll.
The deep troll is lightly wounded.
You hit the deep troll. You closely miss the deep troll.
The deep troll is lightly wounded.
You hit the deep troll but do no damage.
The deep troll bites you. The deep troll claws you.
The deep troll barely misses you. The deep troll bites you.
* * * LOW HITPOINT WARNING * * *
The deep troll closely misses you. The deep troll claws you.
* * * LOW HITPOINT WARNING * * *
You barely miss the deep troll.
The deep troll is lightly wounded.
You hit the deep troll.
Unknown command.
You closely miss the deep troll. You headbutt the deep troll!
The deep troll is moderately wounded.
You hit the deep troll.
The deep troll bites you but does no damage.
The deep troll claws you but does no damage.
You block the deep troll's attack.
The deep troll bites you but does no damage.
The deep troll claws you!
* * * LOW HITPOINT WARNING * * *
The deep troll claws you but does no damage.
Unknown command.
You barely miss the deep troll. Your headbutt misses the deep troll.
The deep troll is moderately wounded.
You barely miss the deep troll. You slash the deep troll!
You headbutt the deep troll!!
The deep troll is severely wounded.
You hit the deep troll. The deep troll bites you!
* * * LOW HITPOINT WARNING * * *
The deep troll misses you. The deep troll barely misses you. x2
The deep troll claws you!
You die...

.##†#▓..(...).▓▓
...##▓▓▓▓▓▓▓†▓▓▓▓+▓
≈≈≈≈≈≈≈≈≈≈≈≈...≈≈≈▓
#+########§###.≈≈≈▓
#.._.....#†§§##≈≈≈▓
#._._....#≈≈§§####▓▓
#_._._...#≈§≈§≈##$$#
#._._._..#§§§≈§§#$.#
#_._._._.#§≈≈§§§@T$+
#._._._._#≈≈§≈§§#T.#
#_._._._.#≈§§§≈§▓$$#
#..._._._#≈§§§▓▓▓▓▓▓
##########§§§§▓zzz
#≈≈≈≈≈≈≈≈§§§§§▓zz.
#≈########≈▓▓▓▓▓▓▓
#≈# #▓▓ +≈#


You could see 2 deep trolls.

Vanquished Creatures
  A kraken (D)
  A yaktaur (D)
  3 polar bears (D)
  A hornet (D)
  2 wyverns (D)
  4 neqoxecs (D)
  A vampire mosquito (D)
  Menkaure (D)
  4 water moccasins (D)
  4 scorpions (D)
  3 worms (D)
  4 tentacles (D)
29 creatures vanquished.

Vanquished Creatures (others)
  8 tentacles (D)
8 creatures vanquished.

Grand Total: 37 creatures vanquished

Notes
Turn   | Place    | Note
-------+----------+-------------------------------------------
     0 | D        | mhtbhm the Minotaur Berserker began the quest for the Orb.
     0 | D        | Reached XP level 1. HP: 19/19 MP: 0/0
    10 | D        | Reached skill level 4 in Axes
    16 | D        | Reached ** piety under Trog
    17 | D        | Reached XP level 2. HP: 6/28 MP: 1/1
    25 | D        | Noticed an electric eel
    25 | D        | Noticed an electric eel
   253 | D        | Noticed a wyvern
   253 | D        | Noticed a wyvern
   259 | D        | Killed a wyvern
   260 | D        | Reached skill level 9 in Axes
   260 | D        | Reached XP level 3. HP: 9/41 MP: 2/2
   260 | D        | Reached XP level 4. HP: 11/49 MP: 3/3
   260 | D        | Reached XP level 5. HP: 12/56 MP: 4/4
   261 | D        | Killed a wyvern
   262 | D        | Reached skill level 10 in Fighting
   262 | D        | Reached skill level 10 in Axes
   262 | D        | Reached skill level 5 in Armour
   262 | D        | Reached skill level 5 in Dodging
   262 | D        | Reached XP level 6. HP: 9/66 MP: 5/5
   538 | D        | Noticed a neqoxec
   538 | D        | Noticed a neqoxec
   538 | D        | Noticed a neqoxec
   538 | D        | Noticed a neqoxec
   542 | D        | Killed a neqoxec
   543 | D        | Reached skill level 11 in Axes
   544 | D        | Lost intelligence.
   548 | D        | Killed a neqoxec
   548 | D        | Reached *** piety under Trog
   549 | D        | Reached skill level 12 in Axes
   549 | D        | Reached XP level 7. HP: 75/75 MP: 6/6
   552 | D        | Killed a neqoxec
   553 | D        | Reached skill level 13 in Axes
   553 | D        | Reached skill level 1 in Stealth
   555 | D        | Gained mutation: Your body sometimes deteriorates upon
                  | taking damage. [a neqoxec]
   556 | D        | Killed a neqoxec
   730 | D        | Reached **** piety under Trog
   731 | D        | Reached skill level 14 in Axes
   735 | D        | Reached XP level 8. HP: 86/86 MP: 7/7
   831 | D        | Found Doihew's Antique Weapon Boutique.
   831 | D        | Found Deeth's Magic Scroll Shop.
   831 | D        | Found Kuli's Book Boutique.
   831 | D        | Found Xouff's Antique Armour Shop.
   831 | D        | Found Qixif's Assorted Antiques.
   831 | D        | Found Jymeof's Antique Armour Boutique.
   832 | D        | Found Pennirghi's Jewellery Boutique.
   832 | D        | Found Juclinew's Weapon Shop.
   832 | D        | Found Jelav's Distillery.
   832 | D        | Found Gupn's Antique Armour Shop.
   833 | D        | Found Toeloeff's Distillery.
   833 | D        | Found Satoifua's Armour Boutique.
   834 | D        | Found Axeow's Jewellery Boutique.
   834 | D        | Found Uluefuga's Distillery.
   945 | D        | Noticed a cane toad
   946 | D        | Noticed Menkaure
   946 | D        | Noticed a cane toad
   946 | D        | Noticed an oklob plant
   947 | D        | Found Hiqethrew's Book Shoppe.
   948 | D        | Noticed a hell hog
   948 | D        | Noticed a hell hog
   958 | D        | Killed Menkaure
   970 | D        | Reached ***** piety under Trog
  1027 | D        | Bought a glowing chain mail for 210 gold pieces
  1037 | D        | Noticed a shining eye
  1038 | D        | Noticed a shining eye
  1040 | D        | Bought a ring of poison resistance for 220 gold pieces
  1053 | D        | Bought a runed buckler for 217 gold pieces
  1082 | D        | Found a stormy altar of Qazlal.
  1082 | D        | Found an ornate altar of the Wu Jian Council.
  1083 | D        | Found a hazy altar of Hepliaklqana.
  1083 | D        | Found a sacrificial altar of Ru.
  1084 | D        | Found a shimmering altar of Xom.
  1085 | D        | Found a viscous altar of Jiyva.
  1085 | D        | Found a shimmering blue altar of Sif Muna.
  1086 | D        | Found a snail-covered altar of Cheibriados.
  1086 | D        | Found an ancient bone altar of Kikubaaqudgha.
  1086 | D        | Found a bloodstained altar of Trog.
  1087 | D        | Found a shadowy altar of Dithmenos.
  1087 | D        | Found a corrupted altar of Lugonu.
  1088 | D        | Found a white marble altar of Elyvilon.
  1088 | D        | Found a burning altar of Makhleb.
  1089 | D        | Found a blossoming altar of Fedhas.
  1091 | D        | Noticed a yaktaur
  1091 | D        | Noticed a hornet
  1091 | D        | Noticed a polar bear
  1091 | D        | Noticed a polar bear
  1091 | D        | Noticed a polar bear
  1095 | D        | Killed a polar bear
  1096 | D        | Reached skill level 15 in Axes
  1105 | D        | Killed a hornet
  1113 | D        | Killed a polar bear
  1122 | D        | Killed a polar bear
  1123 | D        | Reached skill level 15 in Fighting
  1123 | D        | Reached skill level 16 in Axes
  1123 | D        | Reached XP level 9. HP: 97/97 MP: 8/8
  1130 | D        | Killed a yaktaur
  1237 | D        | Found an opulent altar of Gozag.
  1244 | D        | Noticed a kraken
  1509 | D        | Killed a kraken
  1510 | D        | Reached skill level 17 in Axes
  2075 | D        | Found a sparkling altar of Nemelex Xobeh.
  2075 | D        | Found a hide-covered altar of Uskayaw.
  2075 | D        | Found a basalt altar of Yredelemnul.
  2076 | D        | Found an iron altar of Okawaru.
  2076 | D        | Found a radiant altar of Vehumet.
  2076 | D        | Found a glowing silver altar of Zin.
  2096 | D        | Found a glowing golden altar of the Shining One.
  2103 | D        | Noticed an obsidian statue
  2122 | D        | Noticed a deep troll
  2122 | D        | Noticed a deep troll
  2130 | D        | Slain by a deep troll

Illustrated notes

Levels and vault maps discovered:
D:        the_violet_keep_of_menkaure [sprint2_stairs_cluster_1,
          sprint2_shoproom, sprint2_temple, sprint2_basic_supplies,
          sprint2_obstacle_6, sprint2_obstacle_3, sprint2_obstacle_7,
          sprint2_obstacle_2, sprint2_obstacle_1, sprint2_timed_cluster_1,
          sprint2_smallroom_cluster_1, sprint2_smallroom_final_cluster_1,
          sprint2_transparent_cluster_1, sprint2_second_timed_cluster_1,
          sprint2_sniper_area_1, sprint2_heavy_combat_area_1,
          sprint2_mutation_trap_area_1, sprint2_forest_area_1,
          sprint2_light_combat_area_1, sprint2_behind_water_1,
          sprint2_near_end_vault_1]

Skill      XL: |  1  2  3  4  5  6  7  8  9 |
---------------+----------------------------+-----
Fighting       | 4 8 10 11 13 15 16 | 16.5
Axes           | 4 9 10 12 14 16 17 | 17.6
Armour         | 4 5 6 7 9 |  9.3
Dodging        | 4 5 6 8 |  8.7
Stealth        | 1 3 4 |  4.1
Shields        | |  0.2

Action                   |  1- 3 |  4- 6 |  7- 9 || total
-------------------------+-------+-------+-------++-------
Melee: Hand axe          |    12 |     9 |   117 ||   138
       Headbutt          |     2 |     2 |    27 ||    31
Invok: Berserk           |     2 |     1 |     6 ||     9
  Use: Potion            |       |       |     1 ||     1
Armor: Chain mail        |       |       |    35 ||    35
       Animal skin       |       |       |     1 ||     1
Dodge: Dodged            |     2 |     1 |    49 ||    52
Block: Buckler           |       |       |    10 ||    10

Table legend: (Time is in decaauts)
 A = Elapsed time spent in this place.
 B = Non-inter-level travel time spent in this place.
 C = Inter-level travel time spent in this place.
 D = Time resting spent in this place.
 E = Time spent auto-exploring this place.
 F = Levels seen in this place.
 G = Mean time per level.
                   A        B        C        D        E       F      G
               +--------+--------+--------+--------+--------+-----+--------+
         Total |   2191 |   2191 |      0 |   1651 |      1 |   1 | 2191.0 |
       Dungeon |   2191 |   2191 |      0 |   1651 |      1 |   1 | 2191.0 |
               +--------+--------+--------+--------+--------+-----+--------+

Top non-repeatable levels by time:
       D: 2191 daAuts
